 Dungeon Crawl Stone Soup version 0.29.1-12-g30fa7ad0bf (webtiles) character file.

Game seed: 18046435557357123221

107 raph the Digger (level 4, -3/24 HPs)
             Began as a Deep Elf Earth Elementalist on Dec 18, 2022.
             Killed by divine providence
             ... invoked by an orc priest
              (13 damage)
             ... on level 2 of the Dungeon.
             The game lasted 00:03:21 (2685 turns).

raph the Digger (Deep Elf Earth Elementalist)       Turns: 2685, Time: 00:03:22

Health: -3/24      AC:  2    Str:  5    XL:     4   Next: 56%
Magic:  9/11       EV: 12    Int: 22    God:
Gold:   83         SH:  5    Dex: 15    Spells: 3/9 levels left

rFire   . . .      SeeInvis .   a - +1 dagger (speed)
rCold   . . .      Faith    .   (no shield)
rNeg    . . .      Spirit   .   l - +0 robe
rPois   .          Reflect  +   (no helmet)
rElec   .          Harm     .   (no cloak)
rCorr   .          Rampage  .   (no gloves)
Will    .....                   (no boots)
Stlth   ++........              f - amulet of reflection
HPRegen 0.08/turn               (no ring)
MPRegen 0.12/turn               (no ring)

@: no status effects
A: no striking features
a: no special abilities


You were on level 2 of the Dungeon.
You visited 1 branch of the dungeon, and saw 2 of its levels.

You collected 83 gold pieces.

Inventory:

Hand Weapons
 a - a +1 dagger of speed (weapon)
 d - a +0 dagger
Armour
 l - a +0 robe (worn)
Jewellery
 f - an amulet of reflection (around neck)
Potions
 b - a potion of magic
 c - 2 potions of invisibility {unknown}
 e - a potion of brilliance {unknown}
 g - 2 potions of ambrosia {unknown}
 h - a potion of haste {unknown}
 i - a potion of attraction {unknown}
 j - 2 potions of curing {unknown}


   Skills:
 - Level 2.4 Dodging
 - Level 2.4 Stealth
 + Level 3.3 Spellcasting
 * Level 2.0 Conjurations
 - Level 1.1 Transmutations
 * Level 5.3 Earth Magic


You had 3 spell levels left.
You knew the following spells:

 Your Spells              Type           Power      Damage    Failure   Level
a - Sandblast             Erth           54%        2d13      1%          1
b - Passwall              Tmut/Erth      14%        N/A       4%          2
c - Stone Arrow           Conj/Erth      38%        3d9       9%          3

Your spell library contained the following spells:

 Spells                   Type           Power      Damage    Failure   Level
 Gell's Gravitas          Tloc           3%         N/A       34%         3
 Lesser Beckoning         Tloc           3%         N/A       34%         3
 Teleport Other           Tloc           3%         N/A       34%         3
 Petrify                  Tmut/Erth      17%        N/A       32%         4


Dungeon Overview and Level Annotations

Branches:
Dungeon (2/15)

Altars:


Message History

You are poisoned.
The adder poisons you!
Aiming: Sandblast (safe; 1% risk of failure)
Press: ? - help, Q - select action, (/) - cycle Shift-Dir - straight line, f/p - adder
Aim: an adder (severely wounded, 72% to hit)
The blast of sand hits the adder!!
You kill the adder!
You feel sick.
You start resting.
You feel sick.
Your magical contamination has completely faded away.
You start resting.
You feel sick.
You are no longer poisoned.
You start resting.
Magic restored.
You start resting.
HP restored.
You start waiting.
An orc is nearby!
An orc is nearby!
The orc shouts!
Aiming: Sandblast (safe; 1% risk of failure)
Press: ? - help, Q - select action, (/) - cycle Shift-Dir - straight line, f - orc
Aim: an orc, wielding a +0 dagger (83% to hit)
The blast of sand hits the orc!
You kill the orc!
Your Conjurations skill increases to level 2!
An orc priest is nearby!
Aiming: Sandblast (safe; 1% risk of failure)
Press: ? - help, Q - select action, (/) - cycle Shift-Dir - straight line, f - orc priest
Aim: an orc priest, wielding a +0 hand axe (wandering, hasn't noticed you, 83% to hit)
The blast of sand hits the orc priest!
The orc priest is severely wounded.
The orc priest shouts!
The orc priest mumbles some strange prayers to Beogh against you.
Beogh smites you!
Ouch! That really hurt!
The orc priest calls down the wrath of Beogh upon you.
Beogh smites you!
Ouch! That really hurt!
You die...

#.....# .. #.....# #
. #>....# .#. ##
####.....# # #.. ..#
.....##### #...##.#
.......##### #.#.#..#
.#.........###..†)..#
...#######..# #.#
..###$⌠$###.# #@#
..##.....##.## #.#
..#...oo..#..###)#
..#...o...#.#..o.#
#.#.o.o.o.#..#####
#.#.......#.## ..#
#.# #.# #.# .# #.#


You could see an orc priest.

Vanquished Creatures
  4 gnolls
  An adder (D:2)
  An orc (D:2)
  6 bats
  7 endoplasms
  3 giant cockroaches
  8 hobgoblins
  2 jackals (D:2)
  4 kobolds
  4 quokkas (D:1)
  2 ball pythons
  5 frilled lizards
  3 goblins (D:2)
  4 rats (D:1)
54 creatures vanquished.

Notes
Turn   | Place    | Note
-------+----------+-------------------------------------------
     0 | D:1      | raph the Deep Elf Earth Elementalist began the quest for
                  | the Orb.
     0 | D:1      | Reached XP level 1. HP: 10/10 MP: 6/6
   144 | D:1      | Reached skill level 4 in Earth Magic
   144 | D:1      | Reached XP level 2. HP: 14/15 MP: 5/8
   402 | D:1      | Learned a level 2 spell: Passwall
   649 | D:1      | Reached XP level 3. HP: 19/19 MP: 7/9
   662 | D:1      | Learned a level 3 spell: Stone Arrow
  1549 | D:2      | Reached skill level 1 in Conjurations
  1594 | D:2      | Reached skill level 5 in Earth Magic
  1610 | D:1      | Reached XP level 4. HP: 1/24 MP: 4/10
  2685 | D:2      | Killed from afar by an orc priest

Illustrated notes

Levels and vault maps discovered:
D:1:      onia_arrival_pyramid, layout_basic, st_stairs_12
D:2:      cheibrodos_pilgrimage, layout_loops_cross

Skill      XL: |  1  2  3  4 |
---------------+-------------+-----
Earth Magic    | 4 5 |  5.3
Conjurations   | 1 2 |  2.0
Dodging        | |  2.4
Stealth        | |  2.4
Spellcasting   | |  3.3
Transmutations | |  1.1

Action                   |  1- 3 |  4- 6 || total
-------------------------+-------+-------++-------
Melee: Dagger            |    12 |       ||    12
 Cast: Sandblast         |    43 |    16 ||    59
       Stone Arrow       |     7 |     9 ||    16
  Use: Scroll            |       |     5 ||     5
Armor: Robe              |    10 |       ||    10
Dodge: Dodged            |    18 |     4 ||    22
Block: Other             |     8 |       ||     8
